 Dungeon Crawl Stone Soup version 0.32-a0-872-g59262bdc9b (webtiles) character file.

Game seed: 16992239343173660221

184 pokeman the Magician (level 5, -13/29 HPs)
             Began as a Deep Elf Hedge Wizard on Mar 30, 2024.
             Was an Initiate of Vehumet.
             Mangled by an orc
             ... wielding a +1 hand axe of electrocution
              (17 damage)
             ... in the Ecumenical Temple.
             The game lasted 00:05:23 (3310 turns).

pokeman the Magician (Deep Elf Hedge Wizard)        Turns: 3310, Time: 00:05:23

Health: -13/29     AC:  5    Str:  7    XL:     5   Next: 36%
Magic:  2/15       EV: 12    Int: 21    God:    Vehumet [......]
Gold:   142        SH:  0    Dex: 14    Spells: 8/16 levels left

rFire   . . .        u - +6 whip
rCold   . . .        (no shield)
rNeg    . . .        b - +0 robe
rPois   .            c - +0 hat
rElec   .            (no cloak)
rCorr   .            a - +1 pair of gloves
SInv    .            t - +0 pair of boots
Will    +....        q - amulet of the acrobat
Stlth   ++           s - ring of willpower
HPRegen 0.24/turn    y - ring of flight
MPRegen 0.14/turn

%: acrobat
@: flying
A: no striking features
a: Renounce Religion


You were in the Ecumenical Temple.
You worshipped Vehumet.
Vehumet was noncommittal.
You visited 2 branches of the dungeon, and saw 6 of its levels.

You collected 142 gold pieces.

Inventory:

Hand Weapons
 u - a +6 whip (weapon)
Armour
 a - a +1 pair of gloves (worn)
 b - a +0 robe (worn)
 c - a +0 hat (worn)
 i - quicksilver dragon scales
 r - an orb of energy
 t - a +0 pair of boots (worn)
Magical Staves
 v - a staff of conjuration
Jewellery
 q - an amulet of the acrobat (around neck)
 s - a ring of willpower (left hand)
 y - a ring of flight (right hand)
Wands
 w - a wand of flame (12)
Scrolls
 f - 2 scrolls of immolation {unknown}
 h - a scroll of poison {unknown}
 k - 4 scrolls of identify {unknown}
 l - a scroll of fear {unknown}
 m - a scroll of enchant armour {unknown}
 n - a scroll of enchant weapon {unknown}
 x - a scroll of amnesia {unknown}
 z - a scroll of vulnerability {unknown}
Potions
 d - a potion of magic
 e - a potion of mutation {unknown}
 g - a potion of lignification {unknown}
 j - a potion of ambrosia {unknown}
 o - a potion of haste {unknown}
 p - a potion of curing {unknown}


   Skills:
 - Level 1.0 Fighting
 - Level 1.0 Armour
 - Level 3.0 Dodging
 - Level 3.0 Stealth
 * Level 6.2 Spellcasting
 + Level 2.7 Conjurations
 - Level 1.1 Summonings
 - Level 1.1 Translocations
 + Level 0.0 Air Magic
 + Level 0.0 Alchemy
 + Level 0.9 Evocations


You had 8 spell levels left.
You knew the following spells:

 Your Spells              Type           Power      Damage    Failure   Level
a - Magic Dart            Conj           72%        1d6       3%          1
b - Mephitic Cloud        Conj/Alch/Air  10%        N/A       19%         3
c - Call Imp              Summ           22%        N/A       9%          2
d - Blink                 Tloc           22%        N/A       9%          2

Your spell library contained the following spells:

 Spells                   Type           Power      Damage    Failure   Level
 Necrotise                Necr           24%        1d5       10%         1
 Slow                     Hex            24%        N/A       10%         1
 Cigotuvi's Dreadful Rot  Necr/Alch/Air  12%        N/A       14%         2
 Vampiric Draining        Necr           6%         2d6       28%         3
 Martyr's Knell           Necr/Summ      8%         N/A       58%         4
 Curse of Agony           Necr           6%         N/A       95%         5


Dungeon Overview and Level Annotations

Branches:
Dungeon (5/15)             Temple (1/1) D:4

Altars:
Ashenzari
Cheibriados
Dithmenos
Elyvilon
Fedhas
Hepliaklqana
Nemelex Xobeh
Okawaru
Qazlal
Ru
Sif Muna
Trog
Uskayaw
Vehumet
Wu Jian
Yredelemnul
Zin

Shops:
D:1 ?[[!


Message History

Aim: an orc, wielding a +1 hand axe of electrocution and wearing a +0 ring mail (100% to hit)
The magic dart hits the orc but does no damage.
Casting: Magic Dart (safe; 3% risk of failure)
Confirm with . or Enter, or press ? or * to list all spells.
Aiming: Magic Dart (safe; 3% risk of failure)
Press: ? - help, Shift-Dir - straight line, f/p - orc
Aim: an orc, wielding a +1 hand axe of electrocution and wearing a +0 ring mail (100% to hit)
The magic dart hits the orc but does no damage.
The orc priest calls down the wrath of Beogh upon you.
Beogh smites you! The orc completely misses you.
You fly downwards.
Welcome back to the Ecumenical Temple!
There is a staircase back to the Dungeon here.
Casting: Magic Dart (safe; 3% risk of failure)
Confirm with . or Enter, or press ? or * to list all spells.
Aiming: Magic Dart (safe; 3% risk of failure)
Press: ? - help, Shift-Dir - straight line, f - orc
Aim: an orc, wielding a +1 hand axe of electrocution and wearing a +0 ring mail (100% to hit)
The magic dart hits the orc.
The orc is heavily wounded.
The orc barely misses you.
Casting: Magic Dart (safe; 3% risk of failure)
Confirm with . or Enter, or press ? or * to list all spells.
Aiming: Magic Dart (safe; 3% risk of failure)
Press: ? - help, Shift-Dir - straight line, f/p - orc
Aim: an orc, wielding a +1 hand axe of electrocution and wearing a +0 ring mail (heavily wounded, 100% to hit)
The magic dart hits the orc but does no damage.
The orc is heavily wounded.
The orc hits you with a +1 hand axe of electrocution.
You are electrocuted!
* * * LOW HITPOINT WARNING * * *
Casting: Magic Dart (safe; 3% risk of failure)
Confirm with . or Enter, or press ? or * to list all spells.
Aiming: Magic Dart (safe; 3% risk of failure)
Press: ? - help, Shift-Dir - straight line, f/p - orc
Aim: an orc, wielding a +1 hand axe of electrocution and wearing a +0 ring mail (heavily wounded, 100% to hit)
The magic dart hits the orc but does no damage.
The orc is heavily wounded.
The orc hits you but does no damage.
You are electrocuted!
Ouch! That really hurt!
You die...

############
#..........#
#.________.#
#.__._____.#
#.o........#
#@.._......#
#.....ß....#
#..........#
#.ßßßß.ßßß.#
#.ßßßß_ßßß.#
#..........#
############


You could see an orc.

Vanquished Creatures
  2 hounds (D:4)
  Jessica (D:2)
  An orc wizard (D:4)
  An adder (D:4)
  3 dart slugs
  4 orcs
  7 ball pythons
  6 endoplasms
  3 giant cockroaches
  3 goblins
  7 hobgoblins
  3 quokkas
  5 bats
  4 frilled lizards
  A kobold (D:1)
  4 rats
55 creatures vanquished.

Vanquished Creatures (collateral kills)
  An orc (D:4)
1 creature vanquished.

Grand Total: 56 creatures vanquished

Notes
Turn   | Place    | Note
-------+----------+-------------------------------------------
     0 | D:1      | pokeman the Deep Elf Hedge Wizard began the quest for the
                  | Orb.
     0 | D:1      | Reached XP level 1. HP: 10/10 MP: 7/7
   231 | D:1      | Found Xiemus's Armour Shop.
   246 | D:1      | Reached XP level 2. HP: 14/15 MP: 1/9
   455 | D:1      | Found Uvutoink's Magic Scroll Shoppe.
   919 | D:1      | Found Tuifeag's Distillery.
  1081 | D:1      | Found Guurua's Armour Boutique.
  1203 | D:2      | Reached skill level 5 in Spellcasting
  1504 | D:2      | Reached XP level 3. HP: 13/20 MP: 2/11
  1508 | D:2      | Learned a level 3 spell: Mephitic Cloud
  1511 | D:2      | Learned a level 2 spell: Call Imp
  1514 | D:2      | Learned a level 2 spell: Blink
  1694 | D:2      | Noticed Jessica
  1699 | D:2      | Killed Jessica
  1700 | D:2      | Reached skill level 1 in Fighting
  1700 | D:2      | Reached skill level 1 in Armour
  2249 | D:3      | Reached XP level 4. HP: 25/25 MP: 9/13
  2620 | D:4      | You fall into a shaft and drop 1 floor!
  2620 | D:5      | Entered Level 5 of the Dungeon
  3021 | D:4      | Reached skill level 6 in Spellcasting
  3021 | D:4      | Reached XP level 5. HP: 29/29 MP: 2/15
  3277 | D:4      | Found a staircase to the Ecumenical Temple.
  3290 | Temple   | Entered the Ecumenical Temple
  3296 | Temple   | Became a worshipper of Vehumet
  3310 | Temple   | Mangled by an orc

Illustrated notes

Levels and vault maps discovered:
D:1:      psy_arrival_radial01, layout_loops_ring, serial_shops,
          nicolae_shop_tiny_waterfront, shop, nicolae_shop_peninsula, shop
D:2:      layout_rooms, uniq_jessica
D:3:      layout_rooms, serial_rivers, chequers_serial_rivers_large_a,
          chequers_serial_rivers_large_b, chequers_serial_rivers_micro_b,
          chequers_serial_rivers_room_b, chequers_serial_rivers_room_b,
          minmay_randomly_rotated_circles
D:4:      nicolae_cairo_tiling, layout_basic, minmay_temple_entry_tees
D:5:      layout_rooms, nicolae_inconvenience_store
Temple:   sentei_temple_godly_chess

Skill      XL: |  1  2  3  4  5 |
---------------+----------------+-----
Spellcasting   | 5 6 |  6.2
Fighting       | 1 |  1.0
Armour         | 1 |  1.0
Conjurations   | 2 |  2.7
Stealth        | 3 |  3.0
Dodging        | 3 |  3.0
Summonings     | |  1.1
Translocations | |  1.1
Evocations     | |  0.9

Action                     |  1- 3 |  4- 6 || total
---------------------------+-------+-------++-------
  Melee: Dagger            |     7 |       ||     7
         Whip              |       |    21 ||    21
   Cast: Magic Dart        |    87 |    76 ||   163
         Mephitic Cloud    |       |     2 ||     2
         Call Imp          |       |     1 ||     1
   Stab: Confused          |       |     2 ||     2
 Armour: Robe              |    10 |    17 ||    27
  Dodge: Dodged            |    19 |    33 ||    52

Table legend: (Time is in decaauts)
 A = Elapsed time spent in this place.
 B = Non-inter-level travel time spent in this place.
 C = Inter-level travel time spent in this place.
 D = Time resting spent in this place.
 E = Time spent auto-exploring this place.
 F = Levels seen in this place.
 G = Mean time per level.
                   A        B        C        D        E       F      G
               +--------+--------+--------+--------+--------+-----+--------+
         Total |   3345 |   3288 |     57 |      0 |   2856 |   6 |  557.5 |
       Dungeon |   3329 |   3277 |     52 |      0 |   2856 |   5 |  665.8 |
        Temple |     16 |     11 |      5 |      0 |      0 |   1 |   16.0 |
               +--------+--------+--------+--------+--------+-----+--------+

Top non-repeatable levels by time:
     D:1: 1198 daAuts
     D:3: 883 daAuts
     D:4: 673 daAuts
     D:2: 567 daAuts
  Temple: 16 daAuts
     D:5: 5 daAuts
